 Dungeon Crawl Stone Soup version 0.28.0 (webtiles) character file.

Game seed: 13368586583837143729

574 GrayStillPlays the Shield-Bearer (level 7, -14/60 HPs)
             Began as a Gnoll Fighter on Feb 16, 2022.
             Killed by divine providence
             ... invoked by an orc priest
              (15 damage)
             ... on level 5 of the Dungeon.
             The game lasted 00:03:29 (3709 turns).

GrayStillPlays the Shield-Bearer (Gnoll Fighter)    Turns: 3709, Time: 00:03:30

Health: -14/60     AC: 10    Str: 15    XL:     7   Next: 34%
Magic:  10/10      EV:  9    Int:  9    God:
Gold:   195        SH:  5    Dex: 12    Spells: 10/10 levels left

rFire   . . .      SeeInvis +   a - +0 war axe {axe}
rCold   . . .      Faith    .   c - +0 buckler
rNeg    . . .      Spirit   .   b - +0 scale mail
rPois   .          Reflect  .   (no helmet)
rElec   .          Harm     .   (no cloak)
rCorr   .          Rampage  .   q - +0 pair of gloves
Will    .....                   h - +0 pair of boots
Stlth   +.........              (no amulet)
HPRegen 0.20/turn               l - ring of flight
MPRegen 0.12/turn               m - ring of see invisible

@: mighty, flying
A: fangs 1, strong nose, distributed training
a: no special abilities


You were on level 5 of the Dungeon.
You visited 1 branch of the dungeon, and saw 5 of its levels.

You collected 195 gold pieces.


Innate Abilities, Weirdness & Mutations

You have very sharp teeth.
Your uncanny sense of smell can sniff out nearby items.
Your experience applies equally to all skills.


   Skills:
 + Level 7.0 Fighting
 + Level 2.4 Short Blades
 + Level 2.4 Long Blades
 + Level 5.2 Axes
 + Level 2.4 Maces & Flails
 + Level 2.4 Polearms
 + Level 2.4 Staves
 + Level 2.4 Slings
 + Level 2.4 Bows
 + Level 2.4 Crossbows
 + Level 2.4 Throwing
 + Level 7.0 Armour
 + Level 2.4 Dodging
 + Level 2.4 Stealth
 + Level 7.0 Shields
 + Level 2.4 Unarmed Combat
 + Level 2.4 Spellcasting
 + Level 2.0 Conjurations
 + Level 2.0 Hexes
 + Level 2.0 Summonings
 + Level 2.0 Necromancy
 + Level 2.0 Translocations
 + Level 2.0 Transmutations
 + Level 2.0 Fire Magic
 + Level 2.0 Ice Magic
 + Level 2.0 Air Magic
 + Level 2.0 Earth Magic
 + Level 2.0 Poison Magic
 + Level 2.7 Invocations
 + Level 2.4 Evocations


You had 10 spell levels left.
You didn't know any spells.
Your spell library contained the following spells:

 Spells                   Type           Power      Damage    Failure   Level
 Ensorcelled Hibernation  Hex/Ice        8%         N/A       65%         2
 Passwall                 Tmut/Erth      3%         N/A       65%         2
 Gell's Gravitas          Tloc           4%         N/A       87%         3
 Swiftness                Air            4%         N/A       87%         3
 Teleport Other           Tloc           4%         N/A       87%         3
 Dispersal                Tloc           2%         N/A       100%        6

Inventory:

Hand Weapons
 a - a +0 war axe (weapon) {axe}
Missiles
 g - 161 stones (quivered) {throwing}
 r - 55 bolts
 w - 5 poisoned darts {throwing}
 x - 10 arrows
 y - 6 boomerangs {throwing}
Armour
 b - a +0 scale mail (worn)
 c - a +0 buckler (worn)
 h - a +0 pair of boots (worn)
   (You found it on level 1 of the Dungeon)
 q - a +0 pair of gloves (worn)
   (You found it on level 3 of the Dungeon)
 s - a +1 leather armour of fire resistance
   (You found it on level 3 of the Dungeon)
Jewellery
 l - a ring of flight (left hand)
   (You found it on level 2 of the Dungeon)
 m - a ring of see invisible (right hand)
   (You found it on level 2 of the Dungeon)
Scrolls
 i - 2 scrolls of identify {unknown}
 o - a scroll of vulnerability {unknown}
 p - 2 scrolls of fog {unknown}
 u - a scroll of teleportation {unknown}
 v - a scroll of enchant weapon {unknown}
Potions
 d - a potion of might
 f - a potion of mutation {unknown}
 j - a potion of invisibility {unknown}
 k - 2 potions of brilliance {unknown}
 n - a potion of attraction {unknown}
 t - 2 potions of ambrosia {unknown}
 z - 2 potions of heal wounds {unknown}

Dungeon Overview and Level Annotations

Branches:
Dungeon (5/15)
 Temple: D:4-7

Altars:

#.########
#..##
##...#####
#...........
##...#######
#.#.##
#.###.## #[#
##)########
#.#
##.@ooooZ#
##
#.######.#
#.# #.# #..
#. #


You could see 2 orc priests, 2 orcs and a scorpion zombie.


Message History

You now have 195 gold pieces (gained 18).
You hear the slow rusting of a very distant drain.
A wyvern zombie comes into view.
The wyvern zombie misses you.
You slash the wyvern zombie!
The wyvern zombie bites you but does no damage. x2
You barely miss the wyvern zombie. You block the wyvern zombie's attack.
You slash the wyvern zombie!
The wyvern zombie bites you but does no damage.
The wyvern zombie bites you! 😕 HP[-10]
You take 10 damage, and now have 50/60 hp.
You slash the wyvern zombie!
The wyvern zombie bites you but does no damage.
The wyvern zombie bites you. 😕 HP[-2]
You take 2 damage, and now have 48/60 hp.
You barely miss the wyvern zombie.
The wyvern zombie bites you. x2 😮 HP[-7]
You take 7 damage, and now have 41/60 hp.
You barely miss the wyvern zombie. The wyvern zombie bites you. 😮 HP[-6]
You take 6 damage, and now have 35/60 hp.
You slash the wyvern zombie!
You destroy the wyvern zombie!
Your Conjurations skill increases to level 2!
Your Hexes skill increases to level 2!
Your Summonings skill increases to level 2!
Your Necromancy skill increases to level 2!
Your Translocations skill increases to level 2!
Your Transmutations skill increases to level 2!
Your Fire Magic skill increases to level 2!
Your Ice Magic skill increases to level 2!
Your Air Magic skill increases to level 2!
Your Earth Magic skill increases to level 2!
Your Poison Magic skill increases to level 2! 😮 HP[+1]
An orc comes into view. It is wielding a +0 whip.
You feel a little less mighty now. You block the orc's attack. 😮 HP[+1]
You hit the orc. You slash the orc!
You kill the orc! 2 orc priests and 2 orcs come into view.
An orc priest is wielding a +0 mace of draining.
The orc priest shouts! x2
The orc priest calls down the wrath of Beogh upon you.
Beogh smites you!
* * * LOW HITPOINT WARNING * * *
Things that are here:
a +0 whip {mace}; a +0 ring mail; 😨 HP[-12]
You take 12 damage, and now have 25/60 hp. 😨 HP[+1]
The orc barely misses you.
You hit the orc. You block the orc's attack. The orc hits you with a +0 club.
* * * LOW HITPOINT WARNING * * *
An orc comes into view. It is wielding a +0 dagger. 😨 HP[-3]
You take 3 damage, and now have 23/60 hp.
You closely miss the orc. You bite the orc, but do no damage.
The orc closely misses you.
You completely miss the orc. Your bite misses the orc.
You block the orc's attack.
A scorpion zombie comes into view. 😨 HP[+1]
You hit the orc but do no damage. The orc misses you.
You slash the orc!
You kill the orc!
You hit the orc priest but do no damage.
You bite the orc priest. The orc priest barely misses you.
The orc priest miscasts a cantrip.
You slash the orc priest! You bite the orc priest.
The orc priest calls down the wrath of Beogh upon you.
Beogh smites you!
* * * LOW HITPOINT WARNING * * *
😱 HP[-13]
You take 13 damage, and now have 11/60 hp.
MASSIVE DAMAGE!! (PAUSE)
You feel better.
The orc priest hits you but does no damage. 😨 HP[+9]
You regained 9 hp, and now have 20/60 hp.
You feel better.
The orc priest barely misses you. 😨 HP[+5]
You regained 5 hp, and now have 25/60 hp.
You feel very mighty all of a sudden.
The orc priest calls down the wrath of Beogh upon you.
Beogh smites you!
* * * LOW HITPOINT WARNING * * *
The orc priest invokes the aid of Beogh against you.
Beogh smites you!
* * * LOW HITPOINT WARNING * * *
😱 HP[-24]
You take 24 damage, and now have 1/60 hp.
MASSIVE DAMAGE!! (PAUSE)
You barely miss the orc priest.
The orc priest mumbles some strange prayers to Beogh against you.
Beogh smites you!
You die...

Skill      XL: |  1  2  3  4  5  6  7 |
---------------+----------------------+-----
Invocations    | 1 2 |  2.7
Short Blades   | 1 2 |  2.4
Long Blades    | 1 2 |  2.4
Maces & Flails | 1 2 |  2.4
Polearms       | 1 2 |  2.4
Staves         | 1 2 |  2.4
Slings         | 1 2 |  2.4
Bows           | 1 2 |  2.4
Crossbows      | 1 2 |  2.4
Throwing       | 1 2 |  2.4
Dodging        | 1 2 |  2.4
Stealth        | 1 2 |  2.4
Unarmed Combat | 1 2 |  2.4
Spellcasting   | 1 2 |  2.4
Evocations     | 1 2 |  2.4
Conjurations   | 1 2 |  2.0
Hexes          | 1 2 |  2.0
Summonings     | 1 2 |  2.0
Necromancy     | 1 2 |  2.0
Translocations | 1 2 |  2.0
Transmutations | 1 2 |  2.0
Fire Magic     | 1 2 |  2.0
Ice Magic      | 1 2 |  2.0
Air Magic      | 1 2 |  2.0
Earth Magic    | 1 2 |  2.0
Poison Magic   | 1 2 |  2.0
Axes           | 5 |  5.2
Fighting       | 7 |  7.0
Armour         | 7 |  7.0
Shields        | 7 |  7.0

Action                   |  1- 3 |  4- 6 |  7- 9 || total
-------------------------+-------+-------+-------++-------
Melee: War axe           |    66 |   130 |    21 ||   217
       Bite              |     7 |    10 |     4 ||    21
  Use: Potion            |       |     2 |     3 ||     5
Armor: Scale mail        |    37 |    79 |     8 ||   124
Dodge: Dodged            |    29 |    72 |     6 ||   107
Block: Buckler           |    13 |    37 |     6 ||    56

Levels and vault maps discovered:
D:1:      beargit_arrival_greenhouse, layout_basic
D:2:      layout_basic, ebering_ecumenical_altar_abandoned, serial_curves,
          eino_curves_01, eino_curves_04
D:3:      layout_rooms, uniq_natasha
D:4:      layout_loops_ring
D:5:      layout_loops_ring, minmay_temple_entry_overgrown, portal_sewer_entry_a

Notes
Turn   | Place    | Note
-------+----------+-------------------------------------------
     0 | D:1      | GrayStillPlays the Gnoll Fighter began the quest for the
                  | Orb.
     0 | D:1      | Reached XP level 1. HP: 23/23 MP: 1/1
     0 | D:1      | magus.rc [v1.9.6]
   169 | D:1      | You add the spells Gell's Gravitas, Teleport Other and
                  | Dispersal to your library.
   212 | D:1      | Reached XP level 2. HP: 29/29 MP: 2/2
   273 | D:1      | You pick up a book of Burglary and begin reading...
   273 | D:1      | You add the spells Passwall, Ensorcelled Hibernation and
                  | Swiftness to your library.
   849 | D:2      | Found a faded altar of an unknown god.
   853 | D:2      | Reached XP level 3. HP: 29/35 MP: 3/3
  1427 | D:3      | Reached skill level 1 in Invocations
  1462 | D:3      | Reached skill level 1 in Short Blades
  1462 | D:3      | Reached skill level 1 in Long Blades
  1462 | D:3      | Reached skill level 1 in Maces & Flails
  1462 | D:3      | Reached skill level 1 in Polearms
  1462 | D:3      | Reached skill level 1 in Staves
  1462 | D:3      | Reached skill level 1 in Slings
  1462 | D:3      | Reached skill level 1 in Bows
  1462 | D:3      | Reached skill level 1 in Crossbows
  1462 | D:3      | Reached skill level 1 in Throwing
  1462 | D:3      | Reached skill level 1 in Dodging
  1462 | D:3      | Reached skill level 1 in Stealth
  1462 | D:3      | Reached skill level 1 in Unarmed Combat
  1462 | D:3      | Reached skill level 1 in Spellcasting
  1462 | D:3      | Reached skill level 1 in Evocations
  1462 | D:3      | Reached XP level 4. HP: 37/41 MP: 5/5
  1468 | D:3      | Reached skill level 1 in Conjurations
  1468 | D:3      | Reached skill level 1 in Hexes
  1468 | D:3      | Reached skill level 1 in Summonings
  1468 | D:3      | Reached skill level 1 in Necromancy
  1468 | D:3      | Reached skill level 1 in Translocations
  1468 | D:3      | Reached skill level 1 in Transmutations
  1468 | D:3      | Reached skill level 1 in Fire Magic
  1468 | D:3      | Reached skill level 1 in Ice Magic
  1468 | D:3      | Reached skill level 1 in Air Magic
  1468 | D:3      | Reached skill level 1 in Earth Magic
  1468 | D:3      | Reached skill level 1 in Poison Magic
  1478 | D:2      | HP: 7/41 [gnoll (6)]
  1884 | D:3      | Reached XP level 5. HP: 47/47 MP: 6/6
  2069 | D:3      | Noticed Natasha
  2083 | D:3      | Killed Natasha
  2220 | D:3      | Reached skill level 2 in Invocations
  2220 | D:3      | Reached XP level 6. HP: 44/53 MP: 8/8
  2431 | D:3      | Noticed Natasha
  2438 | D:3      | Killed Natasha
  2508 | D:3      | Noticed Natasha
  2524 | D:3      | Killed Natasha
  2698 | D:4      | Reached skill level 2 in Short Blades
  2698 | D:4      | Reached skill level 2 in Long Blades
  2698 | D:4      | Reached skill level 5 in Axes
  2698 | D:4      | Reached skill level 2 in Maces & Flails
  2698 | D:4      | Reached skill level 2 in Polearms
  2698 | D:4      | Reached skill level 2 in Staves
  2698 | D:4      | Reached skill level 2 in Slings
  2698 | D:4      | Reached skill level 2 in Bows
  2698 | D:4      | Reached skill level 2 in Crossbows
  2698 | D:4      | Reached skill level 2 in Throwing
  2698 | D:4      | Reached skill level 2 in Dodging
  2698 | D:4      | Reached skill level 2 in Stealth
  2698 | D:4      | Reached skill level 2 in Unarmed Combat
  2698 | D:4      | Reached skill level 2 in Spellcasting
  2698 | D:4      | Reached skill level 2 in Evocations
  3624 | D:5      | Entered Level 5 of the Dungeon
  3624 | D:5      | Noticed a black bear
  3632 | D:5      | Killed a black bear
  3633 | D:5      | Reached XP level 7. HP: 57/59 MP: 10/10
  3653 | D:5      | Reached skill level 7 in Fighting
  3653 | D:5      | Reached skill level 7 in Armour
  3653 | D:5      | Reached skill level 7 in Shields
  3687 | D:5      | Reached skill level 2 in Conjurations
  3687 | D:5      | Reached skill level 2 in Hexes
  3687 | D:5      | Reached skill level 2 in Summonings
  3687 | D:5      | Reached skill level 2 in Necromancy
  3687 | D:5      | Reached skill level 2 in Translocations
  3687 | D:5      | Reached skill level 2 in Transmutations
  3687 | D:5      | Reached skill level 2 in Fire Magic
  3687 | D:5      | Reached skill level 2 in Ice Magic
  3687 | D:5      | Reached skill level 2 in Air Magic
  3687 | D:5      | Reached skill level 2 in Earth Magic
  3687 | D:5      | Reached skill level 2 in Poison Magic
  3705 | D:5      | HP: 11/60 [orc priest/divine providence (13)]
  3708 | D:5      | HP: 1/60 [orc priest/divine providence (11)]
  3709 | D:5      | Killed from afar by an orc priest

Vanquished Creatures
  A black bear (D:5)
  A wyvern zombie (D:5)
  A scorpion (D:3)
  A gnoll shaman (D:3)
  2 hounds
  A centaur skeleton (D:5)
  An iguana (D:4)
  Natasha (thrice) (D:3)
  A hound skeleton (D:4)
  5 gnolls
  3 adders
  A worm (D:4)
  2 dart slugs
  2 orcs (D:5)
  6 bats
  3 endoplasms
  2 giant cockroaches
  4 goblins
  3 hobgoblins
  7 jackals
  2 quokkas
  4 ball pythons
  3 frilled lizards
  4 kobolds (D:1)
  3 rats
66 creatures vanquished.

Vanquished Creatures (others)
  A plant (D:5)
1 creature vanquished.

Grand Total: 67 creatures vanquished

Table legend:
 A = Non-vault XP
 B = Vault XP
 C = Vault XP percentage of total XP
 D = Non-vault monster count
 E = Vault monster count
 F = Vault count percentage of total count
                 A         B        C        D         E       F
            +---------+---------+-------+---------+---------+-------
      Total |     785 |      35 |   4.3 |      65 |       1 |   1.5
            +---------+---------+-------+---------+---------+-------
        D:1 |      20 |       0 |   0.0 |      14 |       0 |   0.0
        D:2 |      45 |       0 |   0.0 |      11 |       0 |   0.0
        D:3 |     298 |      35 |  10.5 |      21 |       1 |   4.5
        D:4 |     119 |       0 |   0.0 |      13 |       0 |   0.0
        D:5 |     303 |       0 |   0.0 |       6 |       0 |   0.0
            +---------+---------+-------+---------+---------+-------

Illustrated notes

Table legend:
 A = Kills in this place as a percentage of kills in entire the game.
 B = Kills by you in this place as a percentage of kills by you in the entire game.
 C = Kills by friends in this place as a percentage of kills by friends in the entire game.
 D = Other kills in this place as a percentage of other kills in the entire game.
 E = Experience gained in this place as a percentage of experience gained in the entire game.
 F = Experience gained in this place divided by the number of levels of this place that you have seen.
                   A       B       C       D       E      F
               +-------+-------+-------+-------+-------+----------------------
         Total | 100.0 | 100.0 |   N/A |   N/A | 100.0 | 164.0
       Dungeon | 100.0 | 100.0 |   N/A |   N/A | 100.0 | 164.0
               +-------+-------+-------+-------+-------+----------------------

Table legend: (Time is in decaauts)
 A = Elapsed time spent in this place.
 B = Non-inter-level travel time spent in this place.
 C = Inter-level travel time spent in this place.
 D = Time resting spent in this place.
 E = Time spent auto-exploring this place.
 F = Levels seen in this place.
 G = Mean time per level.
                   A        B        C        D        E       F      G
               +--------+--------+--------+--------+--------+-----+--------+
         Total |   3790 |   3635 |    155 |    356 |   2689 |   5 |  758.0 |
       Dungeon |   3790 |   3635 |    155 |    356 |   2689 |   5 |  758.0 |
               +--------+--------+--------+--------+--------+-----+--------+

Top non-repeatable levels by time:
     D:2: 1084 daAuts
     D:4: 1050 daAuts
     D:3: 852 daAuts
     D:1: 711 daAuts
     D:5: 91 daAuts
